Map: Tokamak LE

Players

GetaJob - Winner!

  • Race: Terran Terran
  • League: Grandmaster
  • Spawn Location: 1:00

BigHorn

  • Race: Protoss Protoss
  • League: Grandmaster
  • Spawn Location: 7:00

VOD

Have the link to the VOD?

Description

Time

  • Played on: Oct. 19, 2025, 12:54 p.m.
  • Length: 11:34
Show
View Real Time Build Order
Export as new Build Order

GetaJob Terran - Winner!

Build Orders: Banshee Rush 

Get SALT Encoding   

  12  0:00  SCV  
  13  0:12  SCV  
  14  0:17  Supply Depot  
  14  0:24  SCV  
  15  0:38  SCV  
  15  0:39  Barracks  
  16  0:44  Refinery  
  16  0:50  SCV  
  16  0:52  Refinery  
  17  1:02  SCV  
  18  1:14  SCV  
  19  1:26  Reaper, Orbital Command  
  19  1:27  Supply Depot  
  20  1:41  Factory  
  20  1:52  SCV  
  21  1:58  Barracks Reactor  
  21  2:04  SCV  
  22  2:16  SCV  
  22  2:17  Command Center  
  23  2:25  Hellion  
  25  2:30  Supply Depot  
  25  2:33  SCV  
  25  2:36  Reaper x2  
  28  2:46  Hellion  
  30  2:52  SCV  
  31  3:00  Starport  
  31  3:05  SCV  
  32  3:07  Marine, Factory Tech Lab  
  32  3:08  Marine  
  34  3:17  SCV  
  35  3:28  Marine x2  
  37  3:41  Supply Depot, SCV, Factory Tech Lab  
  38  3:44  Banshee, Cloaking Field  
  41  3:49  Marine x2  
  41  3:50  Orbital Command  
  41  3:53  SCV  
  43  4:03  Siege Tank  
  43  4:05  SCV  
  43  4:06  Marine  
  43  4:07  Marine  
  43  4:09  Supply Depot  
  49  4:17  SCV  
  49  4:21  SCV  
  51  4:27  Banshee  
  51  4:28  Bunker  
  51  4:29  SCV  
  55  4:33  SCV, Barracks  
  55  4:36  Supply Depot  
  56  4:43  Siege Tank  
  56  4:44  Refinery  
  59  4:46  Marine  
  59  4:47  Marine  
  59  4:49  SCV  
  59  4:50  SCV  
  63  5:01  SCV  
  63  5:02  SCV  
  63  5:04  Marine x2  
  67  5:08  Barracks  
  67  5:13  Supply Depot  
  61  5:14  SCV  
  61  5:15  SCV  
  61  5:17  Refinery  
  61  5:21  Starport Reactor, Engineering Bay  
  63  5:27  SCV x2  
  65  5:32  Factory Reactor  
  65  5:35  Supply Depot  
  65  5:36  Marine x2  
  65  5:39  SCV x2, Marauder  
  71  5:45  Stimpack  
  71  5:51  SCV x2  
  73  6:07  SCV x2  
  73  6:09  Terran Infantry Weapons Level 1  
  69  6:12  Supply Depot, Marauder, Widow Mine  
  69  6:13  Widow Mine  
  69  6:16  Command Center  
  69  6:17  Combat Shield  
  75  6:19  SCV x2  
  75  6:20  Marine x2  
  75  6:23  Marauder  
  81  6:28  Barracks  
  81  6:33  Barracks  
  81  6:37  Widow Mine x2  
  81  6:39  Marauder  
  87  6:40  Marine x2  
  87  6:45  Medivac x2  
  93  6:50  Supply Depot  
  93  6:51  Supply Depot  
  93  6:53  Marauder  
  95  7:05  SCV  
  95  7:06  SCV  
  97  7:09  Engineering Bay, Factory Tech Lab  
  97  7:10  Missile Turret, Armory  
  97  7:14  Medivac  
  97  7:15  Medivac  
  101  7:19  Marauder x2  
  101  7:21  Marine  
  101  7:22  Marine  
  107  7:43  Marauder x2, Marine x2  
  112  7:46  Marauder, Marine x2  
  112  7:47  Concussive Shells, Factory Reactor  
  112  7:49  SCV  
  112  7:50  SCV  
  114  8:01  Marine  
  114  8:02  Supply Depot x2  
  114  8:04  Marauder  
  114  8:05  Marauder  
  119  8:09  Orbital Command  
  105  8:14  Marine x3  
  105  8:15  Marine  
  101  8:22  Marine  
  101  8:26  Marauder x2  
  94  8:33  SCV x2  
  79  8:34  Marine x2  
  79  8:38  Marine  
  79  8:41  SCV  
  82  8:45  SCV x2  
  82  8:47  Marauder  
  86  8:53  SCV  
  86  8:55  Terran Infantry Weapons Level 2, Terran Infantry Armor Level 1  
  87  8:57  SCV  
  87  8:58  SCV  
  87  9:00  Medivac x2  
  87  9:01  Widow Mine  
  95  9:03  Widow Mine  
  95  9:05  SCV  
  95  9:06  Barracks Tech Lab  
  95  9:08  Marauder  
  95  9:09  SCV  
  101  9:10  SCV  
  101  9:11  Marine x4  
  106  9:18  Marauder  
  106  9:19  SCV  
  106  9:22  SCV  
  110  9:25  Widow Mine  
  110  9:26  Widow Mine  
  110  9:28  Marine  
  110  9:29  Ghost Academy, Marine x2  
  110  9:30  Marauder  
  110  9:40  Marauder  
  112  9:46  Marauder  
  112  9:52  Marauder, Marine x3  
  116  9:54  Marine  
  116  9:55  SCV x2  
  116  9:56  SCV  
  116  9:59  Command Center  
  120  10:00  Barracks  
  120  10:01  Barracks, Marauder  
  120  10:02  Barracks  
  115  10:07  SCV, Marine  
  115  10:09  Marine  
  115  10:10  Marine x2  
  115  10:13  Marauder, Marine  
  115  10:22  Marauder, Widow Mine x2  
  115  10:25  Marauder  
  115  10:27  Marine x2  
  115  10:28  Marine  
  126  10:31  Marine  
  126  10:35  Marauder  
  129  10:39  SCV x2  
  131  10:44  Marauder  
  131  10:45  Marine x3  
  131  10:47  Marauder, Marine  
  137  10:56  Marauder  
  131  11:04  Ghost  
  131  11:08  Marauder  
  122  11:13  Marine x2  
  120  11:21  SCV x2  
  120  11:22  SCV  
Show
View Real Time Build Order
Export as new Build Order

BigHorn Protoss 

Build Orders: Blink Stalkers 

Get SALT Encoding   

  12  0:08  Pylon  
  12  0:13  Probe  
  13  0:27  Gateway  
  13  0:31  Probe  
  14  0:43  Probe  
  14  0:48  Assimilator  
  15  0:55  Probe  
  16  1:07  Probe  
  16  1:08  Zealot  
  17  1:15  Cybernetics Core  
  19  1:19  Probe  
  20  1:25  Pylon  
  20  1:31  Probe  
  21  1:41  Adept  
  21  1:50  Probe  
  21  1:53  Warp Gate  
  24  2:04  Adept  
  24  2:05  Nexus  
  26  2:19  Assimilator  
  26  2:26  Probe  
  27  2:38  Probe  
  27  2:43  Twilight Council  
  28  2:44  Gateway  
  28  2:57  Probe  
  29  2:59  Blink  
  29  3:03  Gateway  
  29  3:10  Probe  
  30  3:22  Probe  
  30  3:26  Shield Battery  
  31  3:30  Probe  
  31  3:34  Probe  
  33  3:41  Stalker  
  33  3:42  Probe  
  33  3:44  Stalker  
  38  3:52  Probe  
  37  3:57  Pylon  
  37  3:58  Probe  
  38  4:04  Probe  
  38  4:07  Stalker  
  41  4:10  Stalker  
  41  4:11  Probe  
  44  4:23  Pylon  
  44  4:25  Probe  
  44  4:31  Robotics Facility  
  45  4:34  Stalker  
  47  4:38  Stalker  
  47  4:40  Probe x2  
  51  4:47  Stalker  
  51  4:52  Probe  
  54  4:53  Pylon  
  54  4:58  Probe  
  55  5:11  Observer  
  55  5:12  Probe  
  56  5:14  Probe  
  58  5:24  Probe, Nexus  
  58  5:25  Observer  
  58  5:26  Pylon  
  59  5:29  Charge  
  59  5:30  Probe  
  61  5:36  Forge  
  61  5:37  Gateway  
  61  5:40  Pylon  
  61  5:42  Probe  
  62  5:46  Probe  
  62  5:48  Protoss Ground Weapons Level 1, Pylon  
  63  5:54  Probe  
  62  5:59  Probe  
  59  6:06  Probe  
  59  6:07  Probe  
  59  6:15  Probe, Photon Cannon  
  59  6:18  Probe  
  59  6:20  Photon Cannon  
  59  6:25  Probe  
  61  6:27  Warp Prism, Photon Cannon  
  61  6:28  Shield Battery  
  61  6:31  Probe  
  63  6:37  Probe  
  63  6:39  Probe  
  67  6:43  Probe  
  68  6:48  Zealot, Sentry x3  
  68  6:50  Probe  
  77  6:55  Probe  
  77  7:00  Gateway  
  78  7:03  Gateway  
  76  7:09  Gateway  
  76  7:11  Probe  
  76  7:14  Gateway  
  77  7:16  Gateway, Pylon  
  77  7:18  Probe x2  
  79  7:25  Zealot x3  
  85  7:38  Zealot  
  87  7:45  Zealot x2  
  87  7:46  Zealot  
  93  7:52  Immortal  
  91  8:00  Zealot  
  91  8:01  Zealot x2  
  101  8:11  Zealot  
  101  8:12  Zealot x2  
  89  8:22  Zealot x6  
  95  8:27  Immortal  
  65  8:41  Stalker x3  
  65  8:42  Zealot x4  
  65  8:43  Zealot x2  
  83  9:07  Zealot x2  
  83  9:08  Zealot x3  
  93  9:12  Nexus  
  93  9:24  Pylon  
  93  9:26  Pylon  
  91  9:33  Pylon  
  79  9:45  Probe x2  
  70  9:55  Zealot x6  
  70  9:56  Zealot x3  
  70  9:57  Probe  
  89  10:01  Templar Archives  
  65  10:23  Probe x2  
  65  10:24  Zealot x7  
  81  10:35  Probe  
  82  10:41  Photon Cannon  
  78  10:53  Zealot  
  78  10:54  Zealot x6  
  78  10:55  Zealot  
  70  11:20  Stalker x2  
  70  11:21  Stalker x5  
Tags
 
Add a new tag
Caveats
  • Supply blocks, unpowered buildings, or Contaminate may cause inaccurate times.
  • Supply counts are checked every 10 seconds.